 Dungeon Crawl Stone Soup version 0.26-a0-1020-ge47f559bc5 (webtiles) character file.

Game seed: 3097641750419428582

5865 KristoblXynda the Covert (level 10, -11/132 HPs)
             Began as a Naga Berserker on Dec 8, 2020.
             Was a High Priest of Trog.
             Mangled by a cyclops (22 damage)
             ... on level 9 of the Dungeon.
             The game lasted 00:18:06 (13072 turns).

KristoblXynda the Covert (Naga Berserker)          Turns: 13072, Time: 00:18:07

Health: -11/132    AC: 13    Str: 19    XL:     10   Next: 81%
Magic:  10/10      EV: 11    Int:  9    God:    Trog [*****.]
Gold:   543        SH:  4    Dex: 13    Spells: 9/9 levels left

rFire    . . .     SeeInvis +   a - +0 hand axe
rCold    . . .     Faith    .   g - +0 buckler
rNeg     . . .     Spirit   .   w - +0 scale mail
rPois    +         Reflect  .   b - +0 helmet
rElec    .         Harm     .   z - +1 cloak
rCorr    .         Rampage  .   y - +0 pair of gloves (curse)
Will     +....                  (no barding)
Stlth    ..........             (no amulet)
HPRegen  0.32/turn              o - ring of stealth
MPRegen  0.12/turn              (no ring)

@: berserking (expiring), quick
A: large, see invisible, deformed body, poison resistance, slowness 2, spit
poison 1, AC +3
a: Spit Poison, Berserk, Trog's Hand, Brothers in Arms, Renounce Religion


You were on level 9 of the Dungeon.
You worshipped Trog.
Trog was extremely pleased with you.
You visited 2 branches of the dungeon, and saw 10 of its levels.
You also visited: Ossuary.

You collected 556 gold pieces.
You spent 13 gold pieces at shops.

Inventory:

Hand Weapons
 a - a +0 hand axe (weapon)
 v - a +5 flail of holy wrath
Armour
 b - a +0 helmet (worn)
 g - a +0 buckler (worn)
 i - +0 fire dragon scales
 w - a +0 scale mail (worn)
 y - a cursed +0 pair of gloves (worn)
 z - a +1 cloak (worn)
Jewellery
 o - a ring of stealth (left hand)
Wands
 f - a wand of iceblast (16)
 u - a wand of digging (4)
Scrolls
 j - 2 scrolls of fear
 k - a scroll of fog
 l - 2 scrolls of amnesia
 r - a scroll of blinking
 s - 5 scrolls of remove curse
 t - a scroll of magic mapping
 x - 4 scrolls of teleportation
 A - a scroll of immolation
 D - a scroll of enchant weapon
Potions
 c - 2 potions of invisibility
 d - 8 potions of curing
 e - 2 potions of brilliance
 h - 2 potions of heal wounds
 m - a potion of flight
 n - a potion of attraction
 p - 2 potions of lignification
 q - 3 potions of ambrosia
 C - a potion of haste {unknown}


   Skills:
 - Level 5.0 Fighting
 + Level 8.3 Axes
 + Level 6.6 Armour
 + Level 6.6 Dodging
 - Level 10.0 Stealth
 - Level 3.0 Shields
 + Level 0.4 Evocations


You had 9 spell levels left.
You didn't know any spells.
Your spell library was empty.

Dungeon Overview and Level Annotations

Branches:
Dungeon (9/15)             Temple (1/1) D:6         Ossuary (visited)
   Lair: D:8-11         Orc: D:9-12

Altars:
Ashenzari
Cheibriados
Elyvilon
Fedhas
Gozag
Hepliaklqana
Kikubaaqudgha
Makhleb
Nemelex Xobeh
Okawaru
Qazlal
Ru
Sif Muna
Trog
Uskayaw
Vehumet
Wu Jian
Xom
Yredelemnul
Zin
The Shining One

Shops:
D:8 !


Innate Abilities, Weirdness & Mutations

You cannot wear boots.
Your serpentine skin is tough. (AC +3)
You have supernaturally acute eyesight. (SInv)
Armour fits poorly on your strangely shaped body.
Your system is resistant to poisons. (rPois)
You cover ground very slowly.
You can spit poison.


Message History

You hit the cyclops. You hit the vampire.
The vampire is severely damaged.
You hit the cyclops. The vampire closely misses you.
The vampire barely misses you. The cyclops hits you!!
* * * LOW HITPOINT WARNING * * *
Unknown command.
You closely miss the vampire.
The vampire is severely damaged.
You hit the cyclops. You slash the vampire!
You destroy the vampire!
Trog accepts your kill.
Trog appreciates your killing of a magic user.
You hit the cyclops.
Unknown command.
You hit the cyclops.
The cyclops is almost dead.
You completely miss the orc priest. The cyclops hits you!!
You die...

..< #.###.#....# .##
..:..#.... .... #.
V###.#...###+##.... +.
.....#...#........ #.
#.###...#....... #.
....Y...#.....######. ##
#oC..#.....#...#..
#...###@...#.....#...#..
#..........'.....#...#..
#..........#.....##'####
+..........#..........#.
#..........#..........'.
#..........#..........#.
#..........#...>......#.
#..........#..........##
#....###...#............


You could see a cyclops, an ice beast and an orc priest.

Vanquished Creatures
  3 two-headed ogres (D:8)
  Joseph (D:7)
  A vampire (D:9)
  A wyvern (D:8)
  Menkaure (Ossuary)
  Edmund (D:6)
  2 water moccasins
  Duvessa (D:7)
  3 sky beasts
  An ice beast (D:7)
  3 ogres
  A centaur (D:7)
  2 big kobolds
  An elf zombie (Ossuary)
  2 bullfrogs
  A scorpion (D:5)
  Dowan (D:7)
  5 killer bees (D:8)
  4 howler monkeys
  3 electric eels (D:7)
  3 centaur zombies (Ossuary)
  A bullfrog zombie (D:8)
  5 hounds
  3 orc priests
  2 jellies
  Crazy Yiuf (D:7)
  2 gnoll shamans
  4 orc wizards
  2 worker ants
  2 ogre zombies (Ossuary)
  2 hound skeletons
  6 mummies (Ossuary)
  A worker ant zombie (D:6)
  19 gnolls
  5 adders
  6 adder zombies
  10 dart slugs
  2 leopard geckos
  19 orcs
  9 bats
  3 giant cockroaches
  8 goblins
  10 hobgoblins
  9 jackals
  4 quokkas
  5 frilled lizards
  3 goblin zombies (Ossuary)
  6 hobgoblin zombies (Ossuary)
  16 kobolds
  3 kobold zombies (Ossuary)
  2 orc zombies (Ossuary)
  4 quokka zombies (Ossuary)
  6 rats
  A rat zombie (Ossuary)
222 creatures vanquished.

Vanquished Creatures (others)
  2 fungi (D:7)
2 creatures vanquished.

Grand Total: 224 creatures vanquished

Notes
Turn   | Place    | Note
-------+----------+-------------------------------------------
     0 | D:1      | KristoblXynda the Naga Berserker began the quest for the
                  | Orb.
     0 | D:1      | Reached XP level 1. HP: 21/21 MP: 1/1
   424 | D:1      | Reached XP level 2. HP: 27/28 MP: 2/2
   853 | D:1      | Reached XP level 3. HP: 26/34 MP: 3/3
  1118 | D:1      | Reached ** piety under Trog
  1918 | D:2      | Reached XP level 4. HP: 39/42 MP: 4/4
  3468 | D:3      | Found a stormy altar of Qazlal.
  3695 | D:4      | Reached skill level 1 in Shields
  3930 | D:4      | Found a white marble altar of Elyvilon.
  3993 | D:4      | Reached XP level 5. HP: 42/50 MP: 5/5
  4095 | D:4      | Noticed an ogre
  4102 | D:4      | Killed an ogre
  4418 | D:4      | Found a basalt altar of Yredelemnul.
  4661 | D:5      | Entered Level 5 of the Dungeon
  4678 | D:5      | Reached XP level 6. HP: 40/57 MP: 6/6
  4915 | D:5      | Reached XP level 7. HP: 66/66 MP: 7/7
  5198 | D:5      | Found a bloodstained altar of Trog.
  5727 | D:6      | Reached *** piety under Trog
  6385 | D:6      | Noticed Edmund
  6411 | D:6      | Killed Edmund
  6412 | D:6      | Reached skill level 5 in Fighting
  6412 | D:6      | Reached skill level 5 in Axes
  6412 | D:6      | Reached XP level 8. HP: 55/74 MP: 8/8
  6498 | D:6      | Found an ancient bone altar of Kikubaaqudgha.
  6597 | D:6      | Reached skill level 1 in Stealth
  7044 | D:6      | Found a staircase to the Ecumenical Temple.
  7057 | D:6      | Reached skill level 2 in Stealth
  7315 | Temple   | Entered the Ecumenical Temple
  7866 | D:7      | Reached skill level 3 in Stealth
  8337 | D:7      | Reached skill level 4 in Stealth
  8430 | D:7      | Noticed Dowan
  8430 | D:7      | Noticed Duvessa
  8461 | D:7      | Killed Dowan
  8491 | D:7      | Killed Duvessa
  8492 | D:7      | Reached XP level 9. HP: 47/81 MP: 9/9
  8676 | D:7      | Reached skill level 5 in Stealth
  8853 | D:7      | Found a broken altar of Ashenzari.
  8858 | D:7      | Found a snail-covered altar of Cheibriados.
  8858 | D:7      | Found an ornate altar of the Wu Jian Council.
  8861 | D:7      | Found a radiant altar of Vehumet.
  8863 | D:7      | Found an opulent altar of Gozag.
  9446 | D:7      | Found a runed translucent door.
  9447 | D:7      | Noticed Crazy Yiuf
  9542 | D:7      | Noticed Joseph
  9580 | D:7      | Killed Joseph
  9581 | D:7      | Reached skill level 5 in Armour
  9581 | D:7      | Reached skill level 5 in Dodging
  9581 | D:7      | Reached skill level 6 in Stealth
  9980 | D:7      | Killed Crazy Yiuf
  9980 | D:7      | Reached **** piety under Trog
 10240 | D:8      | Found a sand-covered staircase.
 10249 | Ossuary  | Entered an ossuary
 10693 | Ossuary  | Reached skill level 7 in Stealth
 10698 | Ossuary  | Noticed Menkaure
 10713 | Ossuary  | Killed Menkaure
 10713 | Ossuary  | Reached ***** piety under Trog
 10866 | D:8      | Noticed a two-headed ogre
 10880 | D:8      | Killed a two-headed ogre
 10881 | D:8      | Reached skill level 8 in Stealth
 10881 | D:8      | Reached XP level 10. HP: 81/88 MP: 10/10
 11087 | D:8      | Noticed a two-headed ogre
 11099 | D:8      | Killed a two-headed ogre
 11100 | D:8      | Reached skill level 9 in Stealth
 12241 | D:8      | Found an iron altar of Okawaru.
 12458 | D:8      | Noticed a two-headed ogre
 12470 | D:8      | HP: 4/132 [two-headed ogre/+0 giant spiked club (14)]
 12471 | D:8      | Killed a two-headed ogre
 12847 | D:8      | Found Lorox's Distillery.
 12851 | D:8      | Bought a potion of degeneration for 13 gold pieces
 12999 | D:9      | Received a gift from Trog
 13000 | D:9      | Reached skill level 10 in Stealth
 13048 | D:9      | Noticed a cyclops
 13072 | D:9      | Mangled by a cyclops

Illustrated notes

Levels and vault maps discovered:
D:1:      elethiomel_arrival_shortcut, layout_loops_ring,
          minmay_misc_feat_ornament
D:2:      layout_basic, minmay_unequal
D:3:      layout_loops_ring, nicolae_qazlal_eye_of_the_storm
D:4:      layout_gridville, kennysheep_ying_yang
D:5:      layout_rooms, lemuel_coloured_pillars_altar, kennysheep_potato
D:6:      layout_basic, general_overflow_altar, minmay_temple_entry_nine_rooms,
          uniq_edmund
D:7:      kennysheep_slugbush, layout_loops_corners, minitemple,
          uniq_crazy_yiuf_cottage, uniq_duvessa, uniq_joseph
D:8:      layout_loops_corners, kennysheep_little_box, enter_ossuary_1,
          serial_shops, shop_statue, minivault_1
D:9:      lemuel_upstairs_altar, layout_gridville, kennysheep_mini, orc_0_dummy,
          minmay_checkerbox, uniq_erica
Temple:   eino_wide_crystal_templ

Skill      XL: |  1  2  3  4  5  6  7  8  9 10 |
---------------+-------------------------------+-----
Armour         | 2 3 4 5 6 |  6.6
Dodging        | 2 3 4 5 6 |  6.6
Shields        | 1 2 3 |  3.0
Fighting       | 4 5 |  5.0
Axes           | 4 5 6 7 8 |  8.3
Stealth        | 4 8 10 | 10.0
Evocations     | |  0.4

Action                   |  1- 3 |  4- 6 |  7- 9 | 10-12 || total
-------------------------+-------+-------+-------+-------++-------
Melee: Hand axe          |   124 |   100 |   555 |   188 ||   967
       Whip              |       |    58 |       |       ||    58
Invok: Berserk           |     2 |     4 |    13 |     5 ||    24
 Abil: Spit Poison       |       |     7 |    10 |     8 ||    25
Evoke: Wand              |       |       |     5 |       ||     5
  Use: Scroll            |       |    11 |    11 |     1 ||    23
       Potion            |       |       |     2 |       ||     2
 Stab: Sleeping          |     1 |       |    12 |     1 ||    14
       Distracted        |       |       |     1 |       ||     1
Armor: Animal skin       |    19 |       |       |       ||    19
       Ring mail         |     9 |    61 |    22 |       ||    92
       Scale mail        |       |       |   133 |    76 ||   209
Dodge: Dodged            |    81 |    76 |   195 |    97 ||   449
Block: Buckler           |     8 |    26 |   108 |    29 ||   171

Table legend: (Time is in decaauts)
 A = Elapsed time spent in this place.
 B = Non-inter-level travel time spent in this place.
 C = Inter-level travel time spent in this place.
 D = Time resting spent in this place.
 E = Time spent auto-exploring this place.
 F = Levels seen in this place.
 G = Mean time per level.
                   A        B        C        D        E       F      G
               +--------+--------+--------+--------+--------+-----+--------+
         Total |  15466 |  14949 |    517 |   5534 |   6556 |  11 | 1406.0 |
       Dungeon |  14697 |  14188 |    509 |   5420 |   6496 |   9 | 1633.0 |
        Temple |     70 |     62 |      8 |      0 |     59 |   1 |   70.0 |
       Ossuary |    699 |    699 |      0 |    114 |      0 |   1 |  699.0 |
               +--------+--------+--------+--------+--------+-----+--------+

Top non-repeatable levels by time:
     D:7: 2903 daAuts
     D:6: 2558 daAuts
     D:8: 2395 daAuts
     D:2: 1637 daAuts
     D:4: 1521 daAuts
     D:1: 1482 daAuts
     D:3: 1258 daAuts
     D:5: 775 daAuts
 Ossuary: 699 daAuts
     D:9: 164 daAuts
  Temple: 70 daAuts
